 Dungeon Crawl Stone Soup version 0.16-a0-4083-g5af668b (webtiles) character file.

116 timbw the Magician (level 5, -2/35 HPs)
             Began as a Human Wizard on Feb 22, 2015.
             Was an Initiate of Sif Muna.
             Killed by divine providence
             ... invoked by an orc priest
              (12 damage)
             ... on level 4 of the Dungeon on Feb 23, 2015.
             The game lasted 00:08:19 (1382 turns).

timbw the Magician (Human Wizard)                   Turns: 1382, Time: 00:08:19

Health: -2/35      AC:  3    Str:  7    XL:     5   Next: 20%
Magic:  9/13       EV: 12    Int: 20    God:    Sif Muna [......]
Gold:   65         SH:  0    Dex: 11    Spells: 3 memorised, 5 levels left

rFire  . . .     SeeInvis .     h - +0 spear
rCold  . . .     Clarity  .     a - +0 robe
rNeg   . . .     SustAb   .     (no shield)
rPois  .         Gourm    .     b - +0 hat
rElec  .         Spirit   .     m - +0 cloak
rCorr  .         Warding  .     (no gloves)
rMut   .         Stasis   .     (no boots)
MR     .....                    (no amulet)
Stlth  +++.......               (no ring)
                                f - ring of stealth

@: not resistant to hostile enchantments, fairly stealthy
A: no striking features
a: Renounce Religion


You were on level 4 of the Dungeon.
You worshipped Sif Muna.
Sif Muna was noncommittal.
You were not hungry.

You visited 1 branch of the dungeon, and saw 4 of its levels.

You collected 65 gold pieces.

Inventory:

Hand weapons
 h - a +0 spear (weapon)
 n - a +0 scimitar
Armour
 a - a +0 robe (worn)
 b - a +0 hat (worn)
 m - a +0 cloak (worn)
 p - a +0 leather armour
Jewellery
 f - a ring of stealth (left hand)
Magical devices
 s - a wand of lightning (0)
 t - a wand of fire (8)
Scrolls
 e - 5 scrolls of identify {unknown}
 g - a scroll of fog {unknown}
 i - 2 scrolls of recharging {unknown}
 l - a scroll of remove curse {unknown}
 q - a scroll of enchant weapon {unknown}
Potions
 r - a potion of magic {unknown}
Books
 c - a book of Minor Magic

   Spells                             Type                      Level
   a - Magic Dart                     Conjuration                  1
   b - Blink                          Translocation                2
   c - Call Imp                       Summoning                    2
   d - Repel Missiles                 Charms/Air                   2
   e - Slow                           Hexes                        2
   f - Conjure Flame                  Conjuration/Fire             3
   g - Mephitic Cloud                 Conjuration/Poison/Air       3
Comestibles
 d - 2 bread rations
 j - a meat ration
 k - 6 chunks of flesh
 o - a royal jelly


   Skills:
 - Level 2.0 Dodging
 - Level 2.0 Stealth
 + Level 4.1 Spellcasting
 + Level 3.4 Conjurations
   Level 1.0 Summonings
   Level 1.0 Translocations


You had 5 spell levels left.
You knew the following spells:

 Your Spells              Type           Power        Failure   Level  Hunger
a - Magic Dart            Conj           ###.         3%          1    None
b - Mephitic Cloud        Conj/Pois/Air  #.......     24%         3    ###....
c - Conjure Flame         Conj/Fire      ##......     21%         3    ###....


Dungeon Overview and Level Annotations

Branches:
Dungeon (4/15)
 Temple: D:4-7

Altars:
Sif Muna


Message History

The orc is almost dead.
The orc barely misses you.
You hit the orc but do no damage.
The orc is almost dead.
The orc hits you but does no damage.
A goblin comes into view.
You closely miss the orc.
The orc is almost dead.
The orc closely misses you.
You barely miss the orc.
The orc is severely wounded.
The orc hits you but does no damage. The orc completely misses you.
The orc priest seems less confused.
The orc priest mumbles some strange prayers to Beogh against you.
Something smites you!
* * * LOW HITPOINT WARNING * * *
The orc priest mumbles some strange prayers to Beogh against you.
Something smites you!
You die...

........# #......# #
........#### #......#..
............ #######........#
........### .......#......#
....<....# #(..†....#
.........### ###......#..
...........###### #####o.......#
.......#.#......###.J...........
#.....##.).###..@.g.##..........
########..## #......o..#...#....
# ##.## ##.....####.#....# ##
#...## #.........#......# .##
#..#..#........#.........#
..##........#.####...#....#.
............#. ........
....#......c.. .......
....>........ .....


You could see an ooze, an orc priest, an orc and a goblin.

Vanquished Creatures
  An orc wizard (D:4)
  Terence (D:3)
  An adder (D:4)
  A giant mite (D:4)
  2 worms
  9 orcs
  A bat skeleton (D:4)
  3 giant cockroaches
  A hobgoblin (D:1)
  A bat (D:3)
  2 giant geckos
  A giant gecko skeleton (D:4)
  5 giant newts
  3 goblins (D:3)
  3 kobolds
  3 rats
38 creatures vanquished.

Vanquished Creatures (others)
  A hound (D:4)
1 creature vanquished.

Grand Total: 39 creatures vanquished

Notes
Turn   | Place    | Note
--------------------------------------------------------------
     0 | D:1      | timbw, the Human Wizard, began the quest for the Orb.
     0 | D:1      | Reached XP level 1. HP: 13/13 MP: 4/4
   302 | D:2      | Reached XP level 2. HP: 2/19 MP: 0/6
   734 | D:3      | Reached XP level 3. HP: 18/24 MP: 8/8
   750 | D:3      | Noticed Terence
   756 | D:3      | Learned a level 3 spell: Mephitic Cloud
   760 | D:3      | Learned a level 3 spell: Conjure Flame
   864 | D:3      | Killed Terence
   915 | D:4      | Found a deep blue altar of Sif Muna.
   920 | D:4      | Became a worshipper of Sif Muna the Loreminder
   933 | D:4      | Noticed a centaur
  1055 | D:4      | Reached XP level 4. HP: 15/30 MP: 0/10
  1193 | D:4      | Reached skill level 4 in Spellcasting
  1193 | D:4      | Reached XP level 5. HP: 15/35 MP: 0/13
  1382 | D:4      | Killed from afar by an orc priest

Action                   |  1- 3 |  4- 6 || total
-------------------------+-------+-------++-------
Melee: Spear             |    71 |    39 ||   110
 Cast: Magic Dart        |    46 |    20 ||    66
       Mephitic Cloud    |     2 |     1 ||     3
Evoke: Wand              |       |     3 ||     3
 Stab: Confused          |     4 |       ||     4
  Eat: Chunk             |     1 |     1 ||     2
